3L
LONE STAR BC @ RICHARDSON CITY THUNDERCATS
08/01/2018
 
TOP OF THE 1ST
Lone Star BC batting - Pitching for Richardson City Thundercats : LHP Mathies Pilegaard
Pitching: LHP Mathies Pilegaard
Batting: LHB Ray Merrill 0-0: Called Strike
0-1: Ball
1-1: Swinging Strike
1-2: Strikes out swinging
Batting: RHB Elvis Larson 0-0: Ball
1-0: Foul Ball, location: 2F
1-1: Called Strike
1-2: Ball
2-2: Ground out 6-3 (Groundball, 6)
Batting: RHB Toshitsugu Sakamoto 0-0: Ball
1-0: Called Strike
1-1: Ball
2-1: Fly out, F8 (Flyball, 8RXD)
Top of the 1st over - 0 run(s), 0 hit(s), 0 error(s), 0 left on base; Lone Star 0 - Richardson City 0
BOTTOM OF THE 1ST
Richardson City Thundercats batting - Pitching for Lone Star BC : RHP Floyd MacFadden
Pitching: RHP Floyd MacFadden
Batting: RHB Charles Jordan 0-0: DOUBLE (Line Drive, 9LS)
Batting: LHB Terrence Eler 0-0: Ball
1-0: Fly out, F7 (Flyball, 7LM)
Batting: RHB John MacGregor 0-0: Swinging Strike
0-1: Ball
Charles Jordan steals 3rd base
1-1: Ball
2-1: Foul Ball, location: 2F
2-2: Strikes out looking
Batting: LHB Casey Bright 0-0: Ball
1-0: SINGLE (Flyball, 8RS)
Charles Jordan scores
Batting: RHB Júlio Morín 0-0: Called Strike
0-1: Ground out 5-3 (Groundball, 5S)
Bottom of the 1st over - 1 run(s), 2 hit(s), 0 error(s), 1 left on base; Lone Star 0 - Richardson City 1
TOP OF THE 2ND
Lone Star BC batting - Pitching for Richardson City Thundercats : LHP Mathies Pilegaard
Batting: RHB José Rodríguez 0-0: Swinging Strike
0-1: Ball
1-1: Ball
2-1: Ball
3-1: Called Strike
3-2: Foul Ball, location: 2F
3-2: Strikes out swinging
Batting: SHB Matt Morris 0-0: Ball
1-0: Fly out, F7 (Line Drive, 7D)
Batting: RHB Henry Potts 0-0: Called Strike
0-1: Foul Ball, location: 2F
0-2: Fly out, F7 (Flyball, 7M)
Top of the 2nd over - 0 run(s), 0 hit(s), 0 error(s), 0 left on base; Lone Star 0 - Richardson City 1
BOTTOM OF THE 2ND
Richardson City Thundercats batting - Pitching for Lone Star BC : RHP Floyd MacFadden
Batting: RHB José Rodríguez 0-0: Foul Ball, location: 2F
0-1: Ball
1-1: SINGLE (Line Drive, 6D)
Batting: RHB Randy García 0-0: Ball
1-0: Grounds into double play, 6-4-3 (Groundball, 6)
Batting: LHB Mathies Pilegaard 0-0: Called Strike
0-1: SINGLE (Line Drive, 4D)
Batting: RHB Edmund Gallagher 0-0: Ground out 5-3 (Groundball, 56)
Bottom of the 2nd over - 0 run(s), 2 hit(s), 0 error(s), 1 left on base; Lone Star 0 - Richardson City 1
TOP OF THE 3RD
Lone Star BC batting - Pitching for Richardson City Thundercats : LHP Mathies Pilegaard
Batting: RHB Robert Hill 0-0: Ball
1-0: Fly out, F8 (Flyball, 8LM)
Batting: RHB Thomas Dunlap 0-0: Ball
1-0: Ball
2-0: Ball
3-0: Called Strike
3-1: SINGLE (Groundball, 6MD)
Batting: RHB Floyd MacFadden 0-0: Sac Bunt - play at first, batter OUT! 1-4
Thomas Dunlap to second
Batting: LHB Ray Merrill 0-0: Foul Ball, location: 2F
0-1: Ball
1-1: Foul Ball, location: 2F
1-2: Foul Ball, location: 2F
1-2: Ground out 4-3 (Groundball, 4M)
Top of the 3rd over - 0 run(s), 1 hit(s), 0 error(s), 1 left on base; Lone Star 0 - Richardson City 1
BOTTOM OF THE 3RD
Richardson City Thundercats batting - Pitching for Lone Star BC : RHP Floyd MacFadden
Batting: RHB Charles Jordan 0-0: Ball
1-0: Called Strike
1-1: Ball
2-1: Foul Ball, location: 2F
2-2: SINGLE (Flyball, 9LM)
Batting: LHB Terrence Eler 0-0: Ball
Charles Jordan is caught stealing 2nd base
1-0: Called Strike
1-1: Fly out, F7 (Flyball, 7LSF)
Batting: RHB John MacGregor 0-0: Called Strike
0-1: Ball
1-1: Swinging Strike
1-2: Fly out, F6 (Popup, 6MD)
Bottom of the 3rd over - 0 run(s), 1 hit(s), 0 error(s), 0 left on base; Lone Star 0 - Richardson City 1
TOP OF THE 4TH
Lone Star BC batting - Pitching for Richardson City Thundercats : LHP Mathies Pilegaard
Batting: RHB Elvis Larson 0-0: Foul Ball, location: 2F
0-1: Ground out 1-3 (Groundball, 23)
Batting: RHB Toshitsugu Sakamoto 0-0: Ball
1-0: Ball
2-0: Called Strike
2-1: Ball
3-1: Ground out 4-3 (Groundball, 13)
Batting: RHB José Rodríguez 0-0: Called Strike
0-1: Fly out, F8 (Flyball, 8RM)
Top of the 4th over - 0 run(s), 0 hit(s), 0 error(s), 0 left on base; Lone Star 0 - Richardson City 1
BOTTOM OF THE 4TH
Richardson City Thundercats batting - Pitching for Lone Star BC : RHP Floyd MacFadden
Batting: LHB Casey Bright 0-0: Called Strike
0-1: Called Strike
0-2: Foul Ball, location: 2F
0-2: Ball
1-2: Ball
2-2: Ball
3-2: Strikes out swinging
Batting: RHB Júlio Morín 0-0: Ball
1-0: Ball
2-0: Ball
3-0: Base on Balls
Batting: RHB José Rodríguez 0-0: Swinging Strike
0-1: Ball
1-1: Ball
2-1: Foul Ball, location: 2F
2-2: Foul Ball, location: 2F
2-2: Fly out, F5 (Line Drive, 56)
Now at 3B: Gregory Johnson
Batting: RHB Randy García 0-0: DOUBLE (Flyball, 7LD)
Júlio Morín to third
Batting: LHB Mathies Pilegaard 0-0: Ball
1-0: SINGLE (Flyball, 4MD)
Júlio Morín scores
Randy García to third
Batting: RHB Edmund Gallagher 0-0: Ball
1-0: Called Strike
1-1: Foul Ball, location: 2F
1-2: Ball
2-2: Strikes out swinging
Bottom of the 4th over - 1 run(s), 2 hit(s), 0 error(s), 2 left on base; Lone Star 0 - Richardson City 2
TOP OF THE 5TH
Lone Star BC batting - Pitching for Richardson City Thundercats : LHP Mathies Pilegaard
Batting: SHB Matt Morris 0-0: Called Strike
0-1: Foul Ball, location: 2F
0-2: Foul Ball, location: 2F
0-2: Ball
1-2: Ball
2-2: Foul Ball, location: 2F
2-2: Foul Ball, location: 2F
2-2: Foul Ball, location: 2F
2-2: Foul Ball, location: 2F
2-2: Foul Ball, location: 2F
2-2: Foul Ball, location: 2F
2-2: Strikes out looking
Batting: RHB Henry Potts 0-0: SINGLE (Flyball, 9LS)
Batting: RHB Robert Hill 0-0: Ball
1-0: Ball
2-0: Foul Ball, location: 2F
2-1: Swinging Strike
2-2: Ball
3-2: Foul Ball, location: 2F
3-2: Base on Balls
Henry Potts to second
Batting: RHB Thomas Dunlap 0-0: Called Strike
0-1: Fly out, F7 (Flyball, 78M)
Batting: RHB Floyd MacFadden 0-0: Called Strike
0-1: Ball
1-1: Ball
2-1: Ball
3-1: Swinging Strike
3-2: Strikes out swinging
Top of the 5th over - 0 run(s), 1 hit(s), 0 error(s), 2 left on base; Lone Star 0 - Richardson City 2
BOTTOM OF THE 5TH
Richardson City Thundercats batting - Pitching for Lone Star BC : RHP Floyd MacFadden
Batting: RHB Charles Jordan 0-0: SINGLE (Groundball, 34D)
Batting: LHB Terrence Eler 0-0: Called Strike
0-1: DOUBLE (Groundball, 5L)
Charles Jordan to third
Batting: RHB John MacGregor 0-0: Ball
1-0: Ball
2-0: Ball
3-0: Base on Balls
Batting: LHB Casey Bright 0-0: Ball
1-0: Fly out, F4 (Line Drive, 4)
Batting: RHB Júlio Morín 0-0: Ball
1-0: Called Strike
1-1: Ball
2-1: Ground out U3 (Groundball, 3S)
Charles Jordan scores
Terrence Eler to third
John MacGregor to second
Batting: RHB José Rodríguez 0-0: Called Strike
0-1: Called Strike
0-2: Ball
1-2: SINGLE (Groundball, 5L)
Terrence Eler scores
John MacGregor to third
Runner from 3rd tries for Home, SAFE, no throw or cutoff
Pitching: LHP José Reyna
Batting: RHB Randy García 0-0: Ball
José Rodríguez steals 2nd base
1-0: Intentional Walk
Batting: LHB Mathies Pilegaard 0-0: Ball
1-0: Ball
2-0: Fly out, F7 (Line Drive, 78M)
Bottom of the 5th over - 3 run(s), 3 hit(s), 0 error(s), 2 left on base; Lone Star 0 - Richardson City 5
TOP OF THE 6TH
Lone Star BC batting - Pitching for Richardson City Thundercats : LHP Mathies Pilegaard
Batting: LHB Ray Merrill 0-0: Ball
1-0: Ball
2-0: Ball
3-0: Called Strike
3-1: Foul Ball, location: 2F
3-2: Strikes out swinging
Batting: LHB Gregory Johnson 0-0: Ball
1-0: Fly out, F9 (Flyball, 89D)
Batting: RHB Toshitsugu Sakamoto 0-0: Ball
1-0: SINGLE (Groundball, 56D) (infield hit)
Batting: RHB José Rodríguez 0-0: Called Strike
0-1: Ball
1-1: Ground out 5-3 (Groundball, 5)
Top of the 6th over - 0 run(s), 1 hit(s), 0 error(s), 1 left on base; Lone Star 0 - Richardson City 5
BOTTOM OF THE 6TH
Richardson City Thundercats batting - Pitching for Lone Star BC : LHP José Reyna
Batting: RHB Edmund Gallagher 0-0: Foul Ball, location: 2F
0-1: Ball
1-1: Ground out 6-3 (Groundball, 6)
Batting: RHB Charles Jordan 0-0: Called Strike
0-1: SINGLE (Groundball, 34D) (infield hit)
Batting: LHB Terrence Eler 0-0: Ball
Throwing error on steal attempt, E2
Charles Jordan to third
1-0: Ball
2-0: Called Strike
2-1: Foul Ball, location: 2F
2-2: Hit by Pitch
Batting: RHB John MacGregor 0-0: Ball
1-0: Called Strike
1-1: Foul Ball, location: 2F
1-2: Strikes out swinging
Batting: LHB Casey Bright 0-0: Ball
1-0: Called Strike
1-1: Ball
2-1: Ball
3-1: Foul Ball, location: 2F
3-2: Base on Balls
Terrence Eler to second
Batting: RHB Júlio Morín 0-0: Ball
1-0: Called Strike
1-1: Fly out, F7 (Flyball, 7S)
Bottom of the 6th over - 0 run(s), 1 hit(s), 1 error(s), 3 left on base; Lone Star 0 - Richardson City 5
TOP OF THE 7TH
Lone Star BC batting - Pitching for Richardson City Thundercats : LHP Mathies Pilegaard
Now in RF: Kent Jackson
Batting: SHB Matt Morris 0-0: Ball
1-0: Called Strike
1-1: Ball
2-1: Ball
3-1: SINGLE (Groundball, 3D)
Batting: RHB Henry Potts 0-0: Ball
1-0: Called Strike
1-1: Ground out 5-3 (Groundball, 5S)
Matt Morris to second
Batting: RHB Robert Hill 0-0: Ball
1-0: Called Strike
1-1: Ball
2-1: Called Strike
2-2: Fly out, F8 (Line Drive, 8LS)
Batting: RHB Thomas Dunlap 0-0: Foul Ball, location: 2F
0-1: SINGLE (Groundball, 5D)
Matt Morris to third
Runner from 3rd tries for Home, SAFE, no throw or cutoff
Pinch Hitting: RHB Tony García 0-0: Ball
1-0: Fly out, F7 (Line Drive, 78M)
Top of the 7th over - 1 run(s), 2 hit(s), 0 error(s), 1 left on base; Lone Star 1 - Richardson City 5
BOTTOM OF THE 7TH
Richardson City Thundercats batting - Pitching for Lone Star BC : LHP José Reyna
Pitching: RHP José Mota
Batting: RHB José Rodríguez 0-0: Ball
1-0: Ball
2-0: Ball
3-0: Base on Balls
Batting: RHB Randy García 0-0: Ball
1-0: Ball
2-0: DOUBLE (Flyball, 89D)
José Rodríguez to third
Pinch Hitting: RHB Miguel Saldańa 0-0: Ball
1-0: Foul Ball, location: 2F
1-1: Foul Ball, location: 2F
1-2: Fly out, F8 (Flyball, 8LXD)
Runner from 3rd tags up, SCORES, no throw
Batting: RHB Edmund Gallagher 0-0: Fly out, F6 (Popup, 6)
Batting: RHB Charles Jordan 0-0: Fly out, F9 (Flyball, 9M)
Bottom of the 7th over - 1 run(s), 1 hit(s), 0 error(s), 1 left on base; Lone Star 1 - Richardson City 6
TOP OF THE 8TH
Lone Star BC batting - Pitching for Richardson City Thundercats : LHP Mathies Pilegaard
Pitching: LHP John Keller
Batting: LHB Ray Merrill 0-0: SINGLE (Line Drive, 34)
Batting: LHB Gregory Johnson 0-0: Called Strike
0-1: SINGLE (Flyball, 89S)
Ray Merrill to second
Runner from 2nd tries for 3rd, SAFE, throw made to third
Gregory Johnson to second
Batting: RHB Toshitsugu Sakamoto 0-0: Ball
1-0: Called Strike
1-1: Foul Ball, location: 2F
1-2: Ball
2-2: Ball
3-2: SINGLE (Groundball, 4M)
Ray Merrill scores
Gregory Johnson to third
Pitching: RHP Nathan Rutgers
Batting: RHB José Rodríguez 0-0: Grounds into double play, U6-3 (Groundball, 6M)
Gregory Johnson scores
Batting: SHB Matt Morris 0-0: Ground out U3 (Groundball, 3S)
Top of the 8th over - 2 run(s), 3 hit(s), 0 error(s), 0 left on base; Lone Star 3 - Richardson City 6
BOTTOM OF THE 8TH
Richardson City Thundercats batting - Pitching for Lone Star BC : RHP José Mota
Batting: RHB Kent Jackson 0-0: Ground out 6-3 (Groundball, 6M)
Batting: RHB John MacGregor 0-0: Ball
1-0: Ball
2-0: Foul Ball, location: 2F
2-1: Swinging Strike
2-2: Ball
3-2: Fly out, F3 (Popup, 3SF)
Batting: LHB Casey Bright 0-0: Foul Ball, location: 2F
0-1: Swinging Strike
0-2: Strikes out looking
Bottom of the 8th over - 0 run(s), 0 hit(s), 0 error(s), 0 left on base; Lone Star 3 - Richardson City 6
TOP OF THE 9TH
Lone Star BC batting - Pitching for Richardson City Thundercats : RHP Nathan Rutgers
Pitching: RHP Dave Reed
Batting: RHB Henry Potts 0-0: Ball
1-0: Called Strike
1-1: Ball
2-1: Foul Ball, location: 2F
2-2: Ball
3-2: Foul Ball, location: 2F
3-2: Base on Balls
Batting: RHB Robert Hill 0-0: Called Strike
0-1: Ball
1-1: Called Strike
1-2: Ball
2-2: Strikes out swinging
Batting: RHB Thomas Dunlap 0-0: Grounds into double play, 5-4-3 (Groundball, 5)
Top of the 9th over - 0 run(s), 0 hit(s), 0 error(s), 0 left on base; Lone Star 3 - Richardson City 6
This league is powered by Out of the Park Baseball, the baseball management simulation game for PC, Mac and Linux
Monday, May 4th, 2015 - OOTP Baseball 15.6 Build 34